 Dungeon Sprint DCSS version 0.28.0-53-g5a82cb258f (webtiles) character file.

Game seed: 2472562750702301458

1100000 sanboga the Slayer (level 15, -14/148 HPs)
             Began as a Demonspawn Fighter on Aug 3, 2022.
             Demolished by a bag of meat
             ... wielding a +9 war axe
              (35 damage)
             ... in the Dungeon (Sprint VIII: "Arena of Blood").
             The game lasted 00:00:38 (11 turns).

sanboga the Slayer (Demonspawn Fighter)               Turns: 11, Time: 00:00:39

Health: -14/148    AC: 13    Str: 16    XL:     15   Next: 28%
Magic:  15/15      EV: 10    Int: 10    God:
Gold:   0          SH:  4    Dex: 20    Spells: 14/14 levels left

rFire   . . .      SeeInvis .   j - +∞ Axe of Woe
rCold   . . .      Faith    .   (shield currently unavailable)
rNeg    . . .      Spirit   .   a - +0 scale mail
rPois   .          Reflect  .   (no helmet)
rElec   .          Harm     .   (cloak unavailable)
rCorr   .          Rampage  .   (no gloves)
Will    +....      NoTele   +   (no boots)
Stlth   ..........              (no amulet)
HPRegen 0.34/turn               (no ring)
MPRegen 0.14/turn               (no ring)

@: no status effects
A: augmentation 1, sharp scales 2, condensation shield, demonic magic 2,
weakness stinger 3
a: no special abilities


You were in the Dungeon.
You visited 1 branch

Inventory:

Hand Weapons
 j - the +∞ Axe of Woe (weapon)
   (You found it in the Dungeon)
Armour
 a - a +0 scale mail (worn)
 b - a +0 buckler
Scrolls
 i - a scroll of blinking
Potions
 c - a potion of might
 d - a potion of curing
 e - a potion of heal wounds
 f - a potion of haste
 g - 2 potions of magic
 h - a potion of berserk rage


   Skills:
 + Level 22.9 Fighting
 + Level 21.2 Armour
 + Level 21.2 Shields
 + Level 21.1 Unarmed Combat


You had 14 spell levels left.
You didn't know any spells.
Your spell library was empty.

Dungeon Overview and Level Annotations

Branches:
Dungeon (1/1)

Altars:
Makhleb


Innate Abilities, Weirdness & Mutations

Your magical and physical power is slightly enhanced at high health.
You are mostly covered in razor-sharp scales. (AC +2, Slay +2)
A meltable shield of frost defends you. (SH +4)
Spells you cast may paralyse nearby enemies.
You have a sharp stinger which inflicts weakening toxins.


Message History

Ouch! That really hurt!
* * * LOW HITPOINT WARNING * * *
You hear a shout!
Your Fighting skill gained 3 levels and is now at level 19!
Your Armour skill gained 2 levels and is now at level 17!
Your Shields skill gained 2 levels and is now at level 17!
Your Unarmed Combat skill gained 2 levels and is now at level 17!
You have reached level 13!
You slash the meat berserker!
You butcher the meat berserker messily.
You kill the meat berserker!
You slice the meat berserker!!
You cleave the meat berserker in twain.
You kill the meat berserker!
You slash the bag of meat!
You slaughter the bag of meat joyfully.
You kill the bag of meat!
You slash the bag of meat!
You cleave the bag of meat in twain.
You kill the bag of meat!
The meat berserker appears out of thin air!
A meat berserker comes into view. It is wielding a +9 battleaxe.
The meat berserker shouts!
You hear a shout! x12
A bag of meat comes into view. It is wielding a +9 war axe.
You hear a shout! x5
Your Fighting skill gained 3 levels and is now at level 22!
Your Armour skill gained 4 levels and is now at level 21!
Your Shields skill gained 4 levels and is now at level 21!
Your Unarmed Combat skill gained 4 levels and is now at level 21!
You have reached level 14!
Your demonic ancestry asserts itself...
Sharp scales spread over more of your body.
You have reached level 15!
Your experience leads to an increase in your attributes!
Increase (S)trength, (I)ntelligence, or (D)exterity?
You feel agile. x2
You slice the bag of meat!!
You butcher the bag of meat messily.
You kill the bag of meat!
You slice the meat berserker!!
You dissect the meat berserker like a pig carcass.
You kill the meat berserker!
You hear a shout! x12
The bag of meat hits you with a +9 war axe!!
You die...

.. .. #. .# #..
..# .###..
..###.
......###......
....o_.....
#.)oo.# #_)@)_#
#.))..#
....._.....
......###....o.
.###.. ..###.
#.. ..# #. .#
.. ..


You could see 4 bags of meat.

Vanquished Creatures
  3 ogres (D)
  9 orcs (D)
12 creatures vanquished.

Notes
Turn   | Place    | Note
-------+----------+-------------------------------------------
     0 | D        | Found the +∞ Axe of Woe
     0 | D        | sanboga the Demonspawn Fighter began the quest for the Orb.
     0 | D        | Reached XP level 1. HP: 18/18 MP: 1/1
     1 | D        | Noticed a bag of meat
     1 | D        | Noticed a bag of meat
     2 | D        | Noticed a bag of meat
     2 | D        | Noticed a bag of meat
     3 | D        | Noticed a bag of meat
     4 | D        | Noticed a bag of meat
     4 | D        | Noticed a bag of meat
     6 | D        | Noticed a bag of meat
     7 | D        | Killed a bag of meat
     7 | D        | Noticed a meat berserker
     7 | D        | Noticed a bag of meat
     7 | D        | Noticed a meat berserker
     8 | D        | Reached skill level 13 in Fighting
     8 | D        | Gained mutation: A meltable shield of frost defends you.
                  | (SH +4) [demonic ancestry]
     8 | D        | Reached XP level 2. HP: 40/40 MP: 2/2
     8 | D        | Gained mutation: You have a small tail. [demonic ancestry]
     8 | D        | Reached XP level 3. HP: 46/46 MP: 3/3
     8 | D        | Reached XP level 4. HP: 53/53 MP: 4/4
     8 | D        | Gained mutation: You have a tail ending in a sharp stinger.
                  | [demonic ancestry]
     8 | D        | Reached XP level 5. HP: 59/59 MP: 5/5
     8 | D        | Gained mutation: You have a sharp stinger which inflicts
                  | weakening toxins. [demonic ancestry]
     8 | D        | Reached XP level 6. HP: 66/66 MP: 6/6
     8 | D        | Gained mutation: You are partially covered in razor-sharp
                  | scales. (AC +1, Slay +1) [demonic ancestry]
     8 | D        | Reached XP level 7. HP: 72/72 MP: 7/7
     8 | D        | Reached XP level 8. HP: 79/79 MP: 8/8
     8 | D        | Gained mutation: Spells you cast may paralyse adjacent
                  | enemies. [demonic ancestry]
     8 | D        | Reached XP level 9. HP: 85/85 MP: 9/9
     8 | D        | Gained mutation: Spells you cast may paralyse nearby
                  | enemies. [demonic ancestry]
     8 | D        | Reached XP level 10. HP: 92/92 MP: 10/10
     8 | D        | Noticed a bag of meat
     8 | D        | Killed a bag of meat
     8 | D        | Killed a bag of meat
     8 | D        | Noticed a bag of meat
     9 | D        | Reached skill level 16 in Fighting
     9 | D        | Reached skill level 15 in Armour
     9 | D        | Reached skill level 15 in Shields
     9 | D        | Reached skill level 15 in Unarmed Combat
     9 | D        | Gained mutation: Your magical and physical power is
                  | slightly enhanced at high health. [demonic ancestry]
     9 | D        | Reached XP level 11. HP: 94/106 MP: 11/11
     9 | D        | Reached XP level 12. HP: 100/113 MP: 12/12
     9 | D        | Killed a bag of meat
     9 | D        | Killed a bag of meat
     9 | D        | Killed a bag of meat
     9 | D        | Noticed a bag of meat
    10 | D        | Reached skill level 19 in Fighting
    10 | D        | Reached XP level 13. HP: 17/126 MP: 13/13
    10 | D        | Killed a meat berserker
    10 | D        | Killed a meat berserker
    10 | D        | Killed a bag of meat
    10 | D        | Killed a bag of meat
    10 | D        | Noticed a meat berserker
    10 | D        | Noticed a bag of meat
    11 | D        | Reached skill level 22 in Fighting
    11 | D        | Gained mutation: You are mostly covered in razor-sharp
                  | scales. (AC +2, Slay +2) [demonic ancestry]
    11 | D        | Reached XP level 14. HP: 20/141 MP: 14/14
    11 | D        | Reached XP level 15. HP: 21/148 MP: 15/15
    11 | D        | Killed a meat berserker
    11 | D        | Demolished by a bag of meat

Illustrated notes

Levels and vault maps discovered:
D:        meatsprint

Skill      XL: |  1  2  3  4  5  6  7  8  9 10 11 12 13 |
---------------+----------------------------------------+-----
Fighting       | 13 16 19 22 | 22.9
Armour         | 12 15 17 21 | 21.2
Shields        | 12 15 17 21 | 21.2
Unarmed Combat | 12 15 17 21 | 21.1

Action                   |  1- 3 |  4- 6 |  7- 9 | 10-12 | 13-15 || total
-------------------------+-------+-------+-------+-------+-------++-------
Melee: Executioner's axe |     1 |       |       |     2 |     2 ||     5
Dodge: Dodged            |       |       |       |     1 |       ||     1
